AoeStats
← Jungle The Quest

Arabia

505694438Analyzed
1v1 RM · 22d ago on Sep 10, 2026· 42m 49s· 2 players
Game mode
Random Map
Map size
Tiny (2 player)
Population
200
Speed
Normal
Resources
Standard
Victory
Conquest
Starting age
Dark Age
Ending age
Imperial Age
RankedLock teamsTeams togetherTeam positionsShared explorationLock speedFull tech treeHidden civsTurbo modeCheats
Victory
Defeat
🇺🇸 Chinese · United States
1130
+15
🇸🇬 Magyars · Singapore
1117
-15
Jungle The Quest
7:05 Loom
9:25 Feudal Age
13:04 Horse Collar
14:13 Town Watch
21:54 Castle Age
22:43 Pikeman
24:29 Scale Mail Armor
25:24 Scale Barding Armor
25:33 Double-Bit Axe
25:49 Gold Mining
28:06 Crossbowman
33:08 Fletching
35:10 Chain Barding Armor
37:13 Padded Archer Armor
37:11 Bodkin Arrow
38:18 Wheelbarrow
42:04 Padded Archer Armor
42:23 Hand Cart
BarryMorr
0:37 Loom
11:05 Feudal Age
17:27 Castle Age
21:17 Scale Barding Armor
20:58 Horse Collar
21:06 Double-Bit Axe
23:13 Fletching
23:04 Crossbowman
25:17 Gold Mining
25:52 Bodkin Arrow
32:13 Wheelbarrow
33:06 Padded Archer Armor
33:56 Ballistics
35:54 Bow Saw
38:12 Leather Archer Armor
39:07 Hand Cart
42:10 Thumb Ring
42:51 Gold Shaft Mining
42:07 Stone Mining
Connection lost

Rejoining the realm…

Still unreachable

The connection could not be restored.

Session expired

The server has moved on; the page needs a fresh start.